 Dungeon Crawl Stone Soup version 0.28-a0-1387-g3a22ab9bdc (webtiles) character file.

Game seed: 9489566581914543405

4557 Gwenloh the Transmogrifier (level 10, -4/49 HPs)
             Began as a Felid Transmuter on Jan 1, 2022.
             Was an Initiate of Yredelemnul.
             Slain by a wolf (5 damage)
             ... while petrified by a basilisk
             ... on level 6 of the Lair of Beasts on Jan 2, 2022.
             The game lasted 01:01:10 (15077 turns).

Gwenloh the Transmogrifier (Felid Transmuter)      Turns: 15077, Time: 01:01:10

Health: -4/49      AC:  2    Str:  6    XL:     10   Next: 18%
Magic:  17/17      EV:  4    Int: 18    God:    Yredelemnul [......]
Gold:   971        SH:  0    Dex: 24    Spells: 3/13 levels left
                                        Lives:  0   Deaths: 3

rFire   . . .      SeeInvis +     - Unarmed
rCold   . . .      Faith    .   (shield unavailable)
rNeg    + + +      Spirit   .   (armour unavailable)
rPois   ∞          Reflect  .   (helmet unavailable)
rElec   .          Harm     .   (cloak unavailable)
rCorr   .          Rampage  .   (gloves unavailable)
Will    ++...                   (boots unavailable)
Stlth   +++.......              d - amulet of regeneration
HPRegen 0.96/turn               j - +6 ring of dexterity
MPRegen 0.15/turn               k - ring of willpower

@: petrified, quick
A: very small, claws 1, fangs 3, see invisible, speed 1, shaggy fur 2, stealthy
paws, no weapons or thrown items, no armour, multi-lived
a: Renounce Religion, Recall Undead Harvest


You were on level 6 of the Lair of Beasts.
You worshipped Yredelemnul.
Yredelemnul was aware of your devotion.
You visited 3 branches of the dungeon, and saw 15 of its levels.
You also visited: Volcano.

You collected 971 gold pieces.

Inventory:

Missiles
 C - 4 boomerangs of dispersal
Jewellery
 d - an amulet of regeneration (around neck)
 j - a +6 ring of dexterity (left paw)
 k - a ring of willpower (right paw)
 s - an amulet of faith
 t - a ring of magical power
Wands
 c - a wand of flame (10)
 f - a wand of iceblast (4)
 p - a wand of acid (3)
 y - a wand of digging (12)
 H - a wand of polymorph (2)
Scrolls
 e - 4 scrolls of amnesia
 r - a scroll of fog
 x - 5 scrolls of teleportation
 z - a scroll of silence
 D - 4 scrolls of magic mapping
 E - a scroll of holy word {unknown}
 F - a scroll of fear
Potions
 a - 6 potions of heal wounds
 b - 7 potions of brilliance
 g - 8 potions of curing
 h - a potion of invisibility {unknown}
 i - a potion of magic {unknown}
 l - 2 potions of resistance {unknown}
 m - 2 potions of mutation {unknown}
 n - 3 potions of attraction {unknown}
 o - a potion of cancellation {unknown}
 q - 3 potions of lignification {unknown}
 v - 2 potions of ambrosia {unknown}
 w - 3 potions of flight {unknown}
 A - 2 potions of might {unknown}
Miscellaneous
 u - a phantom mirror (inert)


   Skills:
 + Level 9.5 Fighting
 - Level 5.0 Dodging
 + Level 3.0 Stealth
 + Level 10.1 Unarmed Combat
 - Level 2.0 Spellcasting
 + Level 10.8 Transmutations
 - Level 4.0 Ice Magic
 - Level 3.0 Poison Magic
 + Level 9.0 Invocations


You had 3 spell levels left.
You knew the following spells:

 Your Spells              Type           Power      Damage    Failure   Level
a - Beastly Appendage     Tmut           80%        N/A       1%          1
b - Wereblood             Tmut           40%        N/A       1%          2
c - Spider Form           Tmut/Pois      26%        N/A       3%          3
d - Ice Form              Ice/Tmut       28%        N/A       9%          4

Your spell library contained the following spells:

 Spells                   Type           Power      Damage    Failure   Level
 Ignite Poison            Fire/Tmut/Pois 18%        N/A       9%          3
 Ozocubu's Armour         Ice            16%        N/A       11%         3
 Apportation              Tloc           2%         N/A       19%         1
 Mephitic Cloud           Conj/Pois/Air  5%         N/A       34%         3
 Blade Hands              Tmut           20%        N/A       6%          5
 Alistair's Intoxication  Tmut/Pois      17%        N/A       30%         5
 Hailstorm                Conj/Ice       9%         3d4       61%         4
 Metabolic Englaciation   Hex/Ice        4%         N/A       91%         5
 Freezing Cloud           Conj/Ice/Air   3%         6-21      96%         5
 Iron Shot                Conj/Erth      0%         9d1       100%        6
 Simulacrum               Ice/Necr       4%         N/A       100%        6
 Portal Projectile        Hex/Tloc       Unusable   N/A       N/A         3
 Animate Armour           Summ/Erth      Unusable   N/A       N/A         4
 Excruciating Wounds      Necr           Unusable   N/A       N/A         5

Dungeon Overview and Level Annotations

Branches:
Dungeon (9/15)             Temple (1/1) D:4            Lair (4/6) D:9
 Spider (0/4) Lair:2      Volcano (visited)
  Swamp: Lair:2-4    Shoals: Lair:2-4     Snake: Lair:2-4       Orc: D:9-12

Altars:
Cheibriados
Dithmenos
Elyvilon
Fedhas
Gozag
Hepliaklqana
Kikubaaqudgha
Makhleb
Nemelex Xobeh
Okawaru
Qazlal
Ru
Sif Muna
Trog
Uskayaw
Vehumet
Wu Jian
Yredelemnul
Zin
The Shining One
Lugonu

Annotations:
D:6 2 transporters


Innate Abilities, Weirdness & Mutations

You have sharp claws.
You have razor-sharp teeth.
You have supernaturally acute eyesight. (SInv)
You cover ground quickly. (Speed+)
You are covered in thick fur. (AC +2)
Your paws help you pounce on unaware monsters.
You are incapable of wielding weapons or throwing items.
You cannot wear armour.
You gain extra lives every three experience levels.


Message History

The wolf pauses to sniff the ground.
The wolf bites you! The wolf closely misses you. The wolf bites you!
The wolf bites you. The wolf misses you. The wolf bites you!
The wolf completely misses you. The wolf bites you. The wolf misses you.
The wolf completely misses you.
You hear the faint crackling of a very distant melting archway.
The wolf completely misses you. The wolf closely misses you.
The wolf bites you. The wolf closely misses you.
The wolf completely misses you. The wolf bites you!
The basilisk hisses angrily.
The wolf closely misses you. The basilisk gazes at you.
You resist with almost no effort. The basilisk gazes at you.
You are slowing down.
The wolf bites you. x2
The wolf bites you.
* * * LOW HITPOINT WARNING * * *
The wolf bites you.
* * * LOW HITPOINT WARNING * * *
The wolf barely misses you.
Your limbs are stiffening.
The wolf closely misses you.
You have turned to stone.
The wolf bites you.
* * * LOW HITPOINT WARNING * * *
The wolf bites you!
* * * LOW HITPOINT WARNING * * *
The wolf barely misses you. The wolf bites you.
* * * LOW HITPOINT WARNING * * *
The wolf bites you but does no damage. The wolf bites you!
* * * LOW HITPOINT WARNING * * *
The wolf bites you!
You die...
Your body rises from the dead as a mindless zombie.

#.........##.....#
#..D......##..D...
#............#.P.#
#...Y.......#.####
#...........#...## ♣♣
#................. ♣..
#................. ♣≈l♣
#hh...............
♣♣P.≈♣♣#@h...l.....##.#..
##.P.≈≈.#.........#####.#.
.................#.##...#
.................##......
..........[...............
..........................
..........................
..................P#......
.................###.PP...


You could see a yak, a basilisk, a steam dragon and 3 wolves.

Vanquished Creatures
  Erica (Lair:1)
  5 elephants (Lair:3)
  2 black mambas
  Joseph (Lair:1)
  A rime drake (Lair:1)
  6 komodo dragons
  2 polar bears (Lair:1)
  3 blink frogs (Lair:2)
  A jumping spider (Lair:2)
  Sigmund (D:4)
  A wyvern (D:9)
  8 yaks
  A wraith (D:9)
  2 humans (D:7)
  A basilisk (Lair:2)
  2 steam dragons
  2 water moccasins
  Duvessa (D:5)
  3 sky beasts
  3 black bears
  5 ice beasts
  2 ogres
  4 wolves (Lair:2)
  3 centaurs
  Blork the orc (D:5)
  6 bullfrogs
  A wyvern zombie (D:6)
  A water moccasin zombie (D:6)
  3 scorpions
  Dowan (D:5)
  6 wights (D:8)
  6 killer bees (D:9)
  An electric eel (Lair:1)
  2 hounds (D:5)
  A centaur skeleton (D:6)
  A jelly (D:4)
  Crazy Yiuf (D:2)
  A bullfrog skeleton (D:6)
  2 iguanas (D:5)
  An orc wizard (D:5)
  6 adders
  2 shadow imps
  2 ufetubi
  2 dart slugs
  6 orcs
  9 endoplasms
  2 giant cockroaches
  5 goblins
  7 hobgoblins
  3 kobolds
  4 quokkas
  7 ball pythons
  6 bats
  7 frilled lizards
  10 rats
  A rat zombie (D:4)
175 creatures vanquished.

Vanquished Creatures (collateral kills)
  4 cane toads
  3 komodo dragons (Lair:2)
  A troll (D:9)
  5 blink frogs (Lair:2)
  7 yaks
  A water moccasin (Lair:1)
  A wolf (Lair:2)
  A phantom (D:5)
  2 bullfrogs
  4 killer bees (D:9)
  An electric eel (Lair:1)
  A jelly (D:7)
  2 orcs (D:5)
33 creatures vanquished.

Vanquished Creatures (others)
  A black mamba zombie (Lair:1)
  An elephant zombie (Lair:3)
  2 yak zombies
  A centaur zombie (D:9)
  2 bullfrog zombies (Lair:2)
  A killer bee zombie (D:9)
  A spectral shadow imp (D:8)
  4 orc zombies (D:5)
  A quokka zombie (D:5)
  A spectral ufetubus (D:7)
  20 fungi
  42 plants
77 creatures vanquished.

Grand Total: 285 creatures vanquished

Notes
Turn   | Place    | Note
-------+----------+-------------------------------------------
     0 | D:1      | Gwenloh the Felid Transmuter began the quest for the Orb.
     0 | D:1      | Reached XP level 1. HP: 9/9 MP: 4/4
   511 | D:1      | Reached XP level 2. HP: 9/12 MP: 4/6
   514 | D:1      | Learned a level 2 spell: Wereblood
  1229 | D:1      | Found a faded altar of an unknown god.
  1877 | D:2      | Found a sparkling altar of Nemelex Xobeh.
  1887 | D:2      | Reached XP level 3. HP: 13/15 MP: 5/7
  1891 | D:2      | Learned a level 3 spell: Spider Form
  2678 | D:2      | Found a runed translucent door.
  2679 | D:2      | Noticed Crazy Yiuf
  2946 | D:2      | Killed Crazy Yiuf
  2947 | D:2      | Reached XP level 4. HP: 19/19 MP: 4/8
  3076 | D:3      | Found a glowing golden altar of the Shining One.
  3697 | D:4      | Reached skill level 1 in Poison Magic
  3814 | D:4      | Found a staircase to the Ecumenical Temple.
  3869 | Temple   | Entered the Ecumenical Temple
  3909 | Temple   | Became a worshipper of Yredelemnul the Dark
  4011 | D:4      | Found an ancient bone altar of Kikubaaqudgha.
  4051 | D:4      | Noticed Sigmund
  4064 | D:4      | Killed Sigmund
  4065 | D:4      | Reached XP level 5. HP: 13/24 MP: 5/9
  4065 | D:4      | Gained mutation: You are covered in thick fur. (AC +2)
                  | [Felid growth]
  4065 | D:4      | Reached XP level 6. HP: 15/27 MP: 5/10
  4116 | D:4      | Reached * piety under Yredelemnul
  4697 | D:5      | Entered Level 5 of the Dungeon
  4705 | D:5      | Slain by an iguana
  4706 | D:5      | Reached XP level 5. HP: -3/24 MP: 8/9
  4712 | D:5      | Noticed an ice beast
  4819 | D:5      | Reached XP level 6. HP: 27/28 MP: 7/10
  4824 | D:5      | Reached skill level 5 in Dodging
  4824 | D:5      | Reached ** piety under Yredelemnul
  4841 | D:5      | Noticed Dowan
  4848 | D:5      | Noticed Duvessa
  5076 | D:5      | Killed Duvessa
  5077 | D:5      | Reached skill level 1 in Invocations
  5077 | D:5      | Reached XP level 7. HP: 18/31 MP: 8/11
  5110 | D:5      | Killed Dowan
  5204 | D:4      | Learned a level 4 spell: Ice Form
  5251 | D:5      | Found a radiant altar of Vehumet.
  5644 | D:5      | Reached skill level 5 in Unarmed Combat
  5674 | D:5      | Found an opulent altar of Gozag.
  5674 | D:5      | Found a sparkling altar of Nemelex Xobeh.
  5705 | D:5      | Reached skill level 5 in Transmutations
  5705 | D:5      | Reached skill level 1 in Ice Magic
  5918 | D:5      | Noticed Blork the orc
  5927 | D:5      | Killed Blork the orc
  5951 | D:5      | Reached XP level 8. HP: 18/36 MP: 8/12
  6111 | D:6      | Found a transporter.
  6283 | D:6      | Found a transporter.
  7320 | D:7      | Reached skill level 5 in Fighting
  7469 | D:7      | Found an iron altar of Okawaru.
  7499 | D:7      | Reached XP level 9. HP: 26/40 MP: 11/13
  8238 | D:7      | Found a blossoming altar of Fedhas.
  8720 | D:8      | Reached skill level 5 in Invocations
  9666 | D:9      | Reached XP level 10. HP: 46/46 MP: 4/15
 10066 | D:9      | Found a burning altar of Makhleb.
 10066 | D:9      | Noticed an Executioner
 10183 | D:9      | Found a glowing silver altar of Zin.
 10283 | D:9      | Found a staircase to the Lair.
 10429 | D:9      | Found a sacrificial altar of Ru.
 10653 | D:9      | Found an ornate altar of the Wu Jian Council.
 10653 | D:9      | Found a hide-covered altar of Uskayaw.
 10661 | D:9      | Found a shimmering blue altar of Sif Muna.
 10663 | D:9      | Found a shadowy altar of Dithmenos.
 10665 | D:9      | Found a faded altar of an unknown god.
 10750 | Lair:1   | Entered Level 1 of the Lair of Beasts
 10872 | Lair:1   | Found a dark tunnel.
 10881 | Lair:1   | Noticed Joseph
 10889 | Volcano  | Entered a volcano
 10920 | Lair:1   | Noticed a cane toad
 10927 | Lair:1   | Killed Joseph
 10935 | Lair:1   | Killed a cane toad
 11084 | Lair:1   | Noticed a black mamba
 11096 | Lair:1   | Killed a black mamba
 11531 | Lair:1   | Reached *** piety under Yredelemnul
 11871 | Lair:1   | Reached **** piety under Yredelemnul
 11909 | Lair:1   | Noticed Erica
 12025 | Lair:1   | Killed Erica
 12026 | Lair:1   | Reached XP level 11. HP: 33/51 MP: 9/17
 13065 | Lair:2   | Found a hole to the Spider Nest.
 13232 | Lair:2   | Reached skill level 10 in Transmutations
 14047 | Lair:3   | Noticed a death yak
 14050 | Lair:3   | Noticed a death yak
 14050 | Lair:3   | Noticed a death yak
 14052 | Lair:3   | Noticed a death yak
 14256 | Lair:3   | Reached skill level 1 in Stealth
 14311 | Lair:3   | Reached skill level 10 in Unarmed Combat
 14331 | Lair:3   | Slain by an elephant
 14332 | Lair:3   | Reached XP level 10. HP: -1/49 MP: 17/17
 14332 | Lair:3   | Noticed a six-headed hydra
 14332 | Lair:3   | Noticed an elephant
 14332 | Lair:3   | Noticed an elephant
 14332 | Lair:3   | Killed an elephant
 14333 | Lair:3   | Reached XP level 11. HP: 53/53 MP: 18/18
 14346 | Lair:2   | Upgraded the game from 0.28-a0-1382-g92835e5c71 to
                  | 0.28-a0-1387-g3a22ab9bdc
 14368 | Lair:3   | Noticed a death yak
 14368 | Lair:3   | Noticed a death yak
 14943 | Lair:4   | You fall into a shaft and drop 2 floors!
 14943 | Lair:6   | Entered Level 6 of the Lair of Beasts
 15019 | Lair:6   | Noticed a dire elephant
 15024 | Lair:6   | HP: 1/53 [dire elephant (11)]
 15025 | Lair:6   | Slain by a polar bear
 15026 | Lair:6   | Reached XP level 10. HP: -2/49 MP: 17/17
 15077 | Lair:6   | HP: 1/49 [wolf (5)]
 15077 | Lair:6   | Slain by a wolf

Illustrated notes

Levels and vault maps discovered:
D:1:      dpeg_arrival_rooms_with_view, layout_loops_ring,
          dilly_ecumenical_altar_fadedgnrine
D:2:      layout_loops_corners, basic_altar, uniq_crazy_yiuf_cottage
D:3:      layout_loops_ring, tso_metal_star, kennysheep_generic_room_8
D:4:      layout_basic, lemuel_zombie_altar_kikubaaqudgha,
          minmay_temple_entry_junction_2, minmay_fountain_box, uniq_sigmund
D:5:      layout_basic, grunt_temple_overflow_opulence,
          mainiacjoe_overflow_alcove_1, uniq_duvessa, uniq_blork_the_orc
D:6:      gammafunk_steamed_eel, layout_basic, glass_columns_c
D:7:      nicolae_whirlpool, layout_loops_ring, okawaru_humans,
          mainiacjoe_overflow_alcove_2, st_stairs_4,
          nicolae_elevator_lobby_asterisk
D:8:      layout_basic, kennysheep_generic_room_2
D:9:      layout_gridville, nicolae_overflow_hidden_temple,
          chequers_temple_overflow_minitemple, makhleb_altar_promises_db,
          lair_entry_dummy, nrook_loot_triangle
Temple:   corrupted_temple
Lair:1:   layout_layer_cave, serial_bayou, serial_bayou_shore_b,
          serial_bayou_pond_e, serial_bayou_shore_a, serial_bayou_pond_d,
          nicolae_volcano_entry_lava_flow, uniq_erica, uniq_joseph
Lair:2:   layout_regular_city, spider_nest_entry_rubble, serial_bayou_pond_a,
          beast_lair_carwin_5
Lair:3:   layout_roguey
Lair:4:   layout_loops_ring, minmay_snake_entry_guardpost_small, basic_altar,
          gauntlet_entry_generic, gammafunk_ghost_wrathful_warriors
Lair:6:   guppyfry_lair_end_dragon, layout_regular_city,
          portal_ice_cave_entry_pillars_1

Skill      XL: |  1  2  3  4  5  6  7  8  9 10 11 |
---------------+----------------------------------+-----
Dodging        | 3 4 5 |  5.0
Transmutations | 3 4 5 6 7 9 10 | 10.8
Fighting       | 2 3 4 5 6 8 9 |  9.5
Poison Magic   | 1 2 3 |  3.0
Unarmed Combat | 4 5 6 7 8 10 | 10.1
Invocations    | 1 2 4 5 7 9 |  9.0
Ice Magic      | 1 3 4 |  4.0
Stealth        | 2 3 |  3.0
Spellcasting   | |  2.0

Action                   |  1- 3 |  4- 6 |  7- 9 | 10-12 || total
-------------------------+-------+-------+-------+-------++-------
Melee: Unarmed           |   100 |   120 |   266 |   241 ||   727
       Headbutt          |    14 |    14 |    22 |     1 ||    51
       Bite              |     8 |    14 |     9 |     3 ||    34
       Punch             |       |     2 |     1 |     2 ||     5
 Cast: Beastly Appendage |    32 |    24 |     8 |     2 ||    66
       Wereblood         |     4 |     3 |     3 |     4 ||    14
       Spider Form       |     1 |     4 |    12 |    16 ||    33
       Ice Form          |       |       |    14 |    19 ||    33
Invok: Recall Undead Har |       |     1 |       |     1 ||     2
       Dark Bargain      |       |     1 |     1 |     6 ||     8
       Drain Life        |       |       |       |     1 ||     1
 Abil: End Transformatio |       |       |       |     1 ||     1
Evoke: Wand              |       |     5 |     6 |     3 ||    14
       Phantom mirror    |       |       |       |     1 ||     1
  Use: Scroll            |       |     5 |     7 |     4 ||    16
       Potion            |       |       |     1 |     2 ||     3
 Stab: Sleeping          |     2 |     5 |     1 |     2 ||    10
       Distracted        |       |     1 |     3 |     3 ||     7
Armor: Skin              |    10 |     2 |    23 |    34 ||    69
Dodge: Dodged            |    66 |   123 |   193 |   198 ||   580

Table legend: (Time is in decaauts)
 A = Elapsed time spent in this place.
 B = Non-inter-level travel time spent in this place.
 C = Inter-level travel time spent in this place.
 D = Time resting spent in this place.
 E = Time spent auto-exploring this place.
 F = Levels seen in this place.
 G = Mean time per level.
                   A        B        C        D        E       F      G
               +--------+--------+--------+--------+--------+-----+--------+
         Total |  13254 |  12814 |    440 |   1297 |   8861 |  16 |  828.4 |
       Dungeon |   9399 |   9114 |    285 |   1112 |   6447 |   9 | 1044.3 |
        Temple |     60 |     52 |      8 |     17 |     26 |   1 |   60.0 |
          Lair |   3776 |   3630 |    146 |    168 |   2388 |   5 |  755.2 |
       Volcano |     17 |     17 |      0 |      0 |      0 |   1 |   17.0 |
               +--------+--------+--------+--------+--------+-----+--------+

Top non-repeatable levels by time:
  Lair:1: 1720 daAuts
     D:2: 1428 daAuts
     D:1: 1245 daAuts
  Lair:2: 1201 daAuts
     D:7: 1177 daAuts
     D:4: 1035 daAuts
     D:5: 1029 daAuts
     D:6: 1010 daAuts
     D:9: 995 daAuts
     D:8: 932 daAuts
  Lair:3: 738 daAuts
     D:3: 545 daAuts
  Lair:6: 109 daAuts
  Temple: 60 daAuts
 Volcano: 17 daAuts
